 Dungeon Crawl Stone Soup version 0.27-a0-1193-g8631133539 (webtiles) character file.

Game seed: 15875243163686877449

473 Delamore the Cudgeller (level 7, -4/44 HPs)
             Began as a Gargoyle Fighter on May 26, 2021.
             Slain by an ogre
             ... wielding a +0 giant club
              (24 damage)
             ... on level 5 of the Dungeon.
             The game lasted 00:04:23 (5034 turns).

Delamore the Cudgeller (Gargoyle Fighter)           Turns: 5034, Time: 00:04:23

Health: -4/44      AC: 11    Str: 22    XL:     7   Next: 10%
Magic:  7/7        EV:  7    Int:  8    God:
Gold:   156        SH: 10    Dex:  9    Spells: 6/6 levels left

rFire    + + .     SeeInvis .   a - +0 flail
rCold    . . .     Faith    .   c - +1 kite shield
rNeg     + . .     Spirit   .   b - +0 scale mail
rPois    ∞         Reflect  .   (no helmet)
rElec    +         Harm     .   (no cloak)
rCorr    .         Rampage  .   (no gloves)
Will     .....                  (no boots)
Stlth    ..........             (no amulet)
HPRegen  0.14/turn              m - ring of protection from fire
MPRegen  0.10/turn              q - ring of protection from fire

@: no status effects
A: sickness immunity, AC +4, negative energy resistance 1, electricity
resistance, torment resistance 1, petrification resistance
a: no special abilities


You were on level 5 of the Dungeon.
You visited 1 branch of the dungeon, and saw 5 of its levels.

You collected 156 gold pieces.

Inventory:

Hand Weapons
 a - a +0 flail (weapon)
Missiles
 e - 4 javelins
 f - 11 boomerangs (quivered)
Armour
 b - a +0 scale mail (worn)
 c - a +1 kite shield (worn)
Jewellery
 m - a ring of protection from fire (left hand)
 o - a ring of magical power
 q - a ring of protection from fire (right hand)
Scrolls
 g - a scroll of immolation
 h - a scroll of enchant weapon {unknown}
 i - 3 scrolls of enchant armour
 k - a scroll of amnesia {unknown}
 n - a scroll of fog {unknown}
 r - a scroll of teleportation {unknown}
Potions
 d - 2 potions of might
 j - a potion of resistance
 l - 2 potions of ambrosia


   Skills:
 - Level 5.0 Fighting
 * Level 5.7 Maces & Flails
 + Level 2.6 Throwing
 - Level 3.2 Armour
 - Level 3.2 Shields


You had 6 spell levels left.
You didn't know any spells.
Your spell library contained the following spells:

 Spells                   Type           Power      Damage    Failure   Level
 Animate Skeleton         Necr           0%         N/A       99%         1
 Pain                     Necr           0%         1d4       99%         1
 Vampiric Draining        Necr           0%         2d6       100%        3
 Animate Dead             Necr           0%         N/A       100%        4
 Agony                    Necr           0%         N/A       100%        5


Dungeon Overview and Level Annotations

Branches:
Dungeon (5/15)
 Temple: D:4-7

Altars:
Trog

Annotations:
D:4 3 runed translucent doors, EnegeticOcto's ghost, weakling DjVM
D:5 Grinder


Innate Abilities, Weirdness & Mutations

You are immune to sickness and miasma.
Your stone body is resilient. (AC +4)
You are immune to poison.
You resist negative energy. (rN+)
You are resistant to electric shocks. (rElec)
You are resistant to unholy torment.
You are immune to petrification.


Message History

An orc comes into view.
It is wielding a +2 flail of holy wrath.
The orc shouts!
You hear a shout! 4 orcs come into view.
An orc is wielding a +0 mace of holy wrath.
The orc shouts! x4
The orc moves out of view.
The orc hits you with a +2 flail of holy wrath.
* * * LOW HITPOINT WARNING * * *
Found an escape hatch in the floor.
Found a scroll of identify.
The centaur shoots an arrow.
The arrow hits you but does no damage. You block the jelly's attack.
The centaur shoots an arrow.
You block the arrow.
The centaur shoots an arrow.
You block the arrow.
Found a robe and a cloak.
The centaur shoots an arrow.
You block the arrow.
Found 30 bolts.
Okay, then.
The centaur shoots an arrow.
You block the arrow.
You see here a +0 cloak.
A black bear comes into view.
The centaur shoots an arrow.
The arrow barely misses you.
The arrow hits the black bear!
The centaur shoots an arrow.
You block the arrow.
The centaur shoots an arrow.
The arrow hits you!
* * * LOW HITPOINT WARNING * * *
It was a potion of cancellation.
You feel magically purged. You block the jelly's attack.
It was a potion of heal wounds.
You feel much better. The jelly hits you. The acid corrodes you!
You are splashed with acid.
The centaur unwields a +0 shortbow.
You block the centaur's attack. x2
The black bear bites you.
The black bear claws you but does no damage. x2
The centaur wields a +0 shortbow.
The centaur shoots an arrow.
You block the arrow. You block the black bear's attack.
The black bear barely misses you. x2
You are no longer corroded.
The ogre hits you with a +0 giant club!!
Ouch! That really hurt!
You die...

.......######
............# ####
....#.......# ## ...
....#.......# .. ..#
....#.......###.#..#
....#.......#......
............#.#...
##..........#.##.#
#.........o#.##@##
#..........JhcO..#
#...........####.#
#...#######.# .# ...
#.# .# ... .# ####
##


You could see a black bear, an ogre, a centaur and a jelly.

Vanquished Creatures
  A scorpion (D:4)
  2 howler monkeys
  2 bullfrog zombies (D:5)
  3 orc priests
  An iguana (D:4)
  Terence (D:2)
  6 adders
  2 adder skeletons
  A worm (D:2)
  7 orcs
  7 ball pythons
  4 endoplasms (D:1)
  3 giant cockroaches
  3 goblins
  5 hobgoblins
  3 jackals
  4 quokkas
  7 bats
  4 frilled lizards
  6 kobolds
  9 rats
81 creatures vanquished.

Vanquished Creatures (others)
  3 fungi (D:4)
  A plant (D:4)
4 creatures vanquished.

Grand Total: 85 creatures vanquished

Notes
Turn   | Place    | Note
-------+----------+-------------------------------------------
     0 | D:1      | Delamore the Gargoyle Fighter began the quest for the Orb.
     0 | D:1      | Reached XP level 1. HP: 14/14 MP: 1/1
   314 | D:1      | Reached XP level 2. HP: 13/19 MP: 2/2
   786 | D:1      | Found a faded altar of an unknown god.
  1024 | D:1      | Reached XP level 3. HP: 18/24 MP: 3/3
  1420 | D:2      | Noticed Terence
  1886 | D:2      | Reached XP level 4. HP: 29/29 MP: 4/4
  1975 | D:2      | Killed Terence
  2982 | D:3      | Reached skill level 1 in Throwing
  2982 | D:3      | Reached XP level 5. HP: 28/33 MP: 5/5
  3196 | D:3      | Found a bloodstained altar of Trog.
  3798 | D:4      | Reached XP level 6. HP: 35/39 MP: 6/6
  4258 | D:4      | Reached skill level 5 in Maces & Flails
  4673 | D:4      | Found a runed translucent gate.
  4673 | D:4      | Found a runed translucent gate.
  4673 | D:4      | Found a runed translucent gate.
  4673 | D:4      | Noticed EnegeticOcto's ghost (weakling DjVM)
  4861 | D:5      | Entered Level 5 of the Dungeon
  4886 | D:5      | Reached skill level 5 in Fighting
  4902 | D:5      | Reached XP level 7. HP: 24/44 MP: 7/7
  4984 | D:5      | Noticed Grinder
  5034 | D:5      | Slain by an ogre

Illustrated notes

Levels and vault maps discovered:
D:1:      onia_arrival_pyramid, layout_basic, ebering_ecumenical_altar_mist
D:2:      layout_loops_ring, kennysheep_nub, minmay_small_reverse_x,
          uniq_terence
D:3:      layout_rooms, trog_book
D:4:      layout_basic, gammafunk_ghost_nasty_kobolds, grunt_decor_arrowhead,
          grunt_decor_one_mirror
D:5:      layout_basic, st_stairs_2, minmay_misc_feat_encased, uniq_grinder

Skill      XL: |  1  2  3  4  5  6 |
---------------+-------------------+-----
Maces & Flails | 3 4 5 |  5.7
Fighting       | 4 5 |  5.0
Throwing       | 1 2 |  2.6
Armour         | |  3.2
Shields        | |  3.2

Action                   |  1- 3 |  4- 6 |  7- 9 || total
-------------------------+-------+-------+-------++-------
Melee: Flail             |   172 |   126 |    11 ||   309
Throw: Boomerang         |     3 |    17 |       ||    20
       Javelin           |       |     3 |       ||     3
  Use: Scroll            |       |     4 |       ||     4
       Potion            |       |       |     2 ||     2
Armor: Scale mail        |   131 |    80 |     8 ||   219
Dodge: Dodged            |    74 |    39 |     8 ||   121
Block: Kite shield       |   129 |    74 |    16 ||   219

Table legend: (Time is in decaauts)
 A = Elapsed time spent in this place.
 B = Non-inter-level travel time spent in this place.
 C = Inter-level travel time spent in this place.
 D = Time resting spent in this place.
 E = Time spent auto-exploring this place.
 F = Levels seen in this place.
 G = Mean time per level.
                   A        B        C        D        E       F      G
               +--------+--------+--------+--------+--------+-----+--------+
         Total |   5186 |   4980 |    206 |    891 |   3172 |   5 | 1037.2 |
       Dungeon |   5186 |   4980 |    206 |    891 |   3172 |   5 | 1037.2 |
               +--------+--------+--------+--------+--------+-----+--------+

Top non-repeatable levels by time:
     D:2: 1571 daAuts
     D:1: 1465 daAuts
     D:4: 1324 daAuts
     D:3: 635 daAuts
     D:5: 189 daAuts
